 Dungeon Sprint DCSS version 0.29-a0-925-g0a7a3d12f8 (webtiles) character file.

Game seed: 17337608934110252558

357 Hipnos the Carver (level 6, -1/56 HPs)
             Began as a Gnoll Chaos Knight on July 29, 2022.
             Was a Plaything of Xom.
             Slain by a neqoxec (9 damage)
             ... in the Dungeon (Sprint II: "The Violet Keep of Menkaure").
             The game lasted 00:04:10 (1315 turns).

Hipnos the Carver (Gnoll Chaos Knight)              Turns: 1315, Time: 00:04:11

Health: -1/56      AC:  5    Str:  6      XL:     6   Next: 64%
Magic:  13/13      EV: 13    Int:  8 (14) God:    Xom [..*...]
Gold:   16         SH:  0    Dex: 11      Spells: 10/14 levels left

rFire   . . .      SeeInvis .   d - +3 whip "Xyceumeb" {pain, rPois rCorr Str-3 Stlth-}
rCold   . . .      Faith    .   (no shield)
rNeg    . . .      Spirit   .   b - +2 leather armour
rPois   +          Reflect  .   (no helmet)
rElec   .          Harm     .   (no cloak)
rCorr   +          Rampage  .   (no gloves)
Will    .....      NoTele   +   (no boots)
Stlth   +.........              (no amulet)
HPRegen 0.18/turn               (no ring)
MPRegen 0.13/turn               (no ring)

@: brilliant
A: fangs 1, strong nose, distributed training, weak 1
a: Renounce Religion


You were in the Dungeon.
You worshipped Xom.
You were a toy of Xom.
You visited 1 branch You collected 486 gold pieces.
You spent 470 gold pieces at shops.

Inventory:

Hand Weapons
 a - a +0 falchion of chaos
 d - the +3 whip "Xyceumeb" (weapon) {pain, rPois rCorr Str-3 Stlth-}
   (You found it in the Dungeon)

   In the hands of one skilled in necromantic magic, it inflicts extra damage on
   living creatures.
   Str:       It affects your strength (-3).
   rPois:     It protects you from poison.
   rCorr:     It protects you from acid and corrosion.
   Stlth:     It makes you less stealthy.
Armour
 b - a +2 leather armour (worn)
Scrolls
 i - a scroll of blinking
Potions
 f - a potion of haste
 g - 2 potions of magic
Miscellaneous
 c - a piece from Xom's chessboard (15/15) (quivered)


   Skills:
 + Level 8.3 Fighting
 + Level 4.9 Short Blades
 + Level 8.3 Long Blades
 + Level 4.9 Axes
 + Level 4.9 Maces & Flails
 + Level 4.9 Polearms
 + Level 4.9 Staves
 + Level 4.9 Ranged Weapons
 + Level 4.9 Throwing
 + Level 6.8 Armour
 + Level 5.6 Dodging
 + Level 4.9 Stealth
 + Level 4.9 Shields
 + Level 4.9 Unarmed Combat
 + Level 4.9 Spellcasting
 + Level 4.1 Conjurations
 + Level 4.1 Hexes
 + Level 4.1 Summonings
 + Level 4.1 Necromancy
 + Level 4.1 Translocations
 + Level 4.1 Transmutations
 + Level 4.1 Fire Magic
 + Level 4.1 Ice Magic
 + Level 4.1 Air Magic
 + Level 4.1 Earth Magic
 + Level 4.1 Poison Magic
 + Level 5.4 Invocations
 + Level 4.9 Evocations


You had 10 spell levels left.
You knew the following spells:

 Your Spells              Type           Power      Damage    Failure   Level
a - Summon Lightning Spi  Summ/Air       12%        N/A       56%         4

Your spell library contained the following spells:

 Spells                   Type           Power      Damage    Failure   Level
 Storm Form               Tmut/Air       6%         N/A       100%        7
 Maxwell's Capacitive Co  Air            6%         ∞         100%        8


Dungeon Overview and Level Annotations

Branches:
Dungeon (1/1)

Altars:
Nemelex Xobeh
Okawaru

Shops:
D :=((!!([*(?(=[:

Annotations:
D exclusion: oklob plant


Innate Abilities, Weirdness & Mutations

You have very sharp teeth.
Your uncanny sense of smell can sniff out nearby items.
Your experience applies equally to all skills.
You are weak. (Str -2)


Message History

You closely miss the neqoxec. Your bite misses the neqoxec.
The neqoxec is severely wounded.
The neqoxec barely misses you.
You hit the neqoxec.
The neqoxec is severely wounded.
Xom smirks.
You detect creatures!
The neqoxec hits you but does no damage.
You barely miss the neqoxec.
The neqoxec is severely wounded.
Xom smirks.
You detect creatures!
The neqoxec hits you.
You hit the neqoxec. Your punch misses the neqoxec.
The neqoxec is severely wounded.
The neqoxec hits you!
You closely miss the neqoxec.
The neqoxec is severely wounded.
The neqoxec barely misses you.
You closely miss the neqoxec.
The neqoxec is severely wounded.
You hit the neqoxec but do no damage.
The neqoxec is severely wounded.
The neqoxec gestures at you.
Strange energies course through your body.
You feel weaker.
You hit the neqoxec. Your bite misses the neqoxec.
The neqoxec is severely wounded.
The neqoxec hits you.
You closely miss the neqoxec.
The neqoxec is severely wounded.
Xom's power flows through you! The neqoxec gestures at you.
You feel dopey. Something feeds on your intellect! The neqoxec hits you!
* * * LOW HITPOINT WARNING * * *
The neqoxec attacks as you move away! The neqoxec hits you.
* * * LOW HITPOINT WARNING * * *
You swap places.
The neqoxec attacks as you move away! The neqoxec hits you!
You die...
Xom laughs nastily!

#########c≈≈... ∆Y 9k
.....∩.∩#≈≈≈≈.## ## YY kk
....∩.∩.#≈≈≈≈##$ .## HH
...∩.∩..#≈≈≈≈#B. B. H
..∩.....#≈≈### .#. #
.⌠.∩....#≈##.###+# .# l# l h
..∩.∩...#≈#...##.##..# .#∆l h
...∩.∩..'≈'##.'.<333# ..###
....∩.∩.#≈#...##@##3# ....##
▓▓▓▓▓▓###≈##.###'# .##......≈≈
($x######≈≈####..#####≈≈.....≈#
l.P#?h ##≈≈≈#..##.#≈≈≈≈≈≈≈..≈#
∩P!+.∆ #+#F##.#.##≈≈≈≈≈≈≈≈.≈#
?l.#)# ∆#≈≈##'##≈≈≈≈≈≈≈≈≈≈≈#
x.$ ## ##≈≈≈≈≈≈≈≈≈≈≈S≈≈≈≈≈# #+#
∆#+++#+++#≈≈≈≈≈≈≈≈≈# d∆ ≈≈≈≈S
##≈≈≈###≈≈ .


You could see 3 neqoxecs and a friendly bat (summoned).

Vanquished Creatures
  A water moccasin (D)
  4 necrophages (D)
  3 worms (D)
8 creatures vanquished.

Vanquished Creatures (others)
  Menkaure (D)
  A water moccasin (D)
2 creatures vanquished.

Grand Total: 10 creatures vanquished

Notes
Turn   | Place    | Note
-------+----------+-------------------------------------------
     0 | D        | Hipnos the Gnoll Chaos Knight began the quest for the Orb.
     0 | D        | Reached XP level 1. HP: 23/23 MP: 1/1
   114 | D        | Killed Menkaure
   212 | D        | XOM: silly message
   415 | D        | XOM: silly message
   672 | D        | Killed a water moccasin
   673 | D        | Noticed a necrophage
   673 | D        | Noticed a necrophage
   673 | D        | Noticed a necrophage
   673 | D        | Noticed a necrophage
   676 | D        | Killed a necrophage
   677 | D        | Reached skill level 5 in Armour
   677 | D        | Reached XP level 2. HP: 31/31 MP: 1/5
   677 | D        | Reached XP level 3. HP: 36/36 MP: 1/6
   677 | D        | Reached XP level 4. HP: 43/43 MP: 1/7
   678 | D        | Killed a necrophage
   679 | D        | Reached XP level 5. HP: 48/48 MP: 1/9
   688 | D        | Reached skill level 5 in Dodging
   688 | D        | Reached XP level 6. HP: 56/56 MP: 1/12
   754 | D        | XOM: cloud trail
   884 | D        | XOM: silly message
   912 | D        | Noticed a neqoxec
   912 | D        | Noticed a neqoxec
   912 | D        | Noticed a neqoxec
   912 | D        | Noticed a neqoxec
   933 | D        | Noticed a boulder beetle
   933 | D        | Noticed a boulder beetle
   942 | D        | Found Becsesy's Magic Scroll Shoppe.
   942 | D        | Found Reuman's Jewellery Shoppe.
   942 | D        | Found Uhahuri's Weapon Emporium.
   942 | D        | Found Joajesmu's Book Shoppe.
   942 | D        | Found Lizuerch's Antique Weapon Emporium.
   943 | D        | Found Nefoet's Antique Armour Emporium.
   943 | D        | Found Esigiaki's Assorted Antiques.
   943 | D        | Found Ycigiem's Antique Armour Emporium.
   943 | D        | Found Zyaheosm's Distillery.
   943 | D        | Found Tasusyvi's Antique Weapon Emporium.
   944 | D        | Found Wosenuj's Weapon Shoppe.
   944 | D        | Found Kekhicuy's Jewellery Emporium.
   945 | D        | Found Xoybalaq's Antique Weapon Shoppe.
   945 | D        | Found Namyit's Distillery.
   945 | D        | Noticed a water moccasin
   946 | D        | XOM: smoke on damage
   954 | D        | XOM: silly message
   960 | D        | Killed a water moccasin
   961 | D        | Reached skill level 5 in Invocations
  1022 | D        | XOM: silly message
  1169 | D        | Noticed an oklob plant
  1170 | D        | Found Jixeum's Book Shoppe.
  1172 | D        | Noticed a wyvern
  1172 | D        | Noticed a wyvern
  1174 | D        | Noticed a hell hog
  1178 | D        | Noticed a hell hog
  1185 | D        | Bought a book of the Sky for 440 gold pieces
  1190 | D        | Learned a level 4 spell: Summon Lightning Spire
  1197 | D        | Bought a potion of flight for 30 gold pieces
  1220 | D        | Noticed an ice statue
  1223 | D        | Found an iron altar of Okawaru.
  1223 | D        | Found a sparkling altar of Nemelex Xobeh.
  1225 | D        | Identified the +3 whip "Xyceumeb" {pain, rPois rCorr Str-3
                  | Stlth-}
  1290 | D        | XOM: potion effect (brilliance)
  1298 | D        | XOM: divination: detect creatures
  1306 | D        | XOM: divination: detect creatures
  1307 | D        | XOM: divination: detect creatures
  1311 | D        | Gained mutation: You are weak. (Str -2) [a neqoxec]
  1313 | D        | XOM: cast spell 'Summon Small Mammal'
  1315 | D        | Slain by a neqoxec

Illustrated notes

Levels and vault maps discovered:
D:        the_violet_keep_of_menkaure [sprint2_stairs_cluster_1,
          sprint2_shoproom, sprint2_temple, sprint2_basic_supplies,
          sprint2_obstacle_5, sprint2_obstacle_2, sprint2_obstacle_3,
          sprint2_obstacle_4, sprint2_obstacle_6, sprint2_timed_cluster_1,
          sprint2_smallroom_cluster_1, sprint2_smallroom_final_cluster_1,
          sprint2_transparent_cluster_1, sprint2_second_timed_cluster_1,
          sprint2_sniper_area_1, sprint2_heavy_combat_area_1,
          sprint2_mutation_trap_area_1, sprint2_forest_area_1,
          sprint2_light_combat_area_1, sprint2_behind_water_1,
          sprint2_near_end_vault_1]

Skill      XL: |  1  2  3  4  5  6 |
---------------+-------------------+-----
Fighting       | 7 8 |  8.3
Short Blades   | 2 3 4 |  4.9
Long Blades    | 7 8 |  8.3
Axes           | 2 3 4 |  4.9
Maces & Flails | 2 3 4 |  4.9
Polearms       | 2 3 4 |  4.9
Staves         | 2 3 4 |  4.9
Ranged Weapons | 2 3 4 |  4.9
Throwing       | 2 3 4 |  4.9
Armour         | 5 6 |  6.8
Dodging        | 3 4 5 |  5.6
Stealth        | 2 3 4 |  4.9
Shields        | 2 3 4 |  4.9
Unarmed Combat | 2 3 4 |  4.9
Spellcasting   | 2 3 4 |  4.9
Conjurations   | 2 3 4 |  4.1
Hexes          | 2 3 4 |  4.1
Summonings     | 2 3 4 |  4.1
Necromancy     | 2 3 4 |  4.1
Translocations | 2 3 4 |  4.1
Transmutations | 2 3 4 |  4.1
Fire Magic     | 2 3 4 |  4.1
Ice Magic      | 2 3 4 |  4.1
Air Magic      | 2 3 4 |  4.1
Earth Magic    | 2 3 4 |  4.1
Poison Magic   | 2 3 4 |  4.1
Invocations    | 2 3 4 5 |  5.4
Evocations     | 2 3 4 |  4.9

Action                   |  1- 3 |  4- 6 || total
-------------------------+-------+-------++-------
Melee: Falchion          |     2 |    37 ||    39
       Bite              |       |     4 ||     4
       Whip              |       |    25 ||    25
       Punch             |       |     1 ||     1
  Use: Potion            |     1 |     3 ||     4
 Stab: Sleeping          |       |     2 ||     2
Armor: Leather armour    |       |     6 ||     6
Dodge: Dodged            |       |    25 ||    25

Table legend: (Time is in decaauts)
 A = Elapsed time spent in this place.
 B = Non-inter-level travel time spent in this place.
 C = Inter-level travel time spent in this place.
 D = Time resting spent in this place.
 E = Time spent auto-exploring this place.
 F = Levels seen in this place.
 G = Mean time per level.
                   A        B        C        D        E       F      G
               +--------+--------+--------+--------+--------+-----+--------+
         Total |   1327 |   1327 |      0 |   1112 |      0 |   1 | 1327.0 |
       Dungeon |   1327 |   1327 |      0 |   1112 |      0 |   1 | 1327.0 |
               +--------+--------+--------+--------+--------+-----+--------+

Top non-repeatable levels by time:
       D: 1327 daAuts
